 Dungeon Crawl Stone Soup version 0.27-a0-1144-g0b7d3b79db (webtiles) character file.

Game seed: 6145934528314455886

1 jien the Shield-Bearer (level 1, 0/14 HPs)
             Began as a Gargoyle Fighter on May 10, 2021.
             Frozen to death by an endoplasm (5 damage)
             ... on level 1 of the Dungeon.
             The game lasted 00:00:08 (36 turns).

jien the Shield-Bearer (Gargoyle Fighter)             Turns: 36, Time: 00:00:08

Health: 0/14       AC:  9    Str: 19    XL:     1   Next: 20%
Magic:  1/1        EV:  7    Int:  8    God:
Gold:   0          SH:  9    Dex:  9    Spells: 0/0 levels left

rFire    . . .     SeeInvis .   a - +0 war axe
rCold    . . .     Faith    .   c - +0 kite shield
rNeg     + . .     Spirit   .   b - +0 scale mail
rPois    ∞         Reflect  .   (no helmet)
rElec    +         Harm     .   (no cloak)
rCorr    .         Rampage  .   (no gloves)
Will     .....                  (no boots)
Stlth    ..........             (no amulet)
HPRegen  0.04/turn              (no ring)
MPRegen  0.07/turn              (no ring)

@: no status effects
A: sickness immunity, AC +2, negative energy resistance 1, electricity
resistance, torment resistance 1, petrification resistance
a: no special abilities


You were on level 1 of the Dungeon.
You visited 1 branch of the dungeon, and saw 1 of its levels.

Inventory:

Hand Weapons
 a - a +0 war axe (weapon)
Armour
 b - a +0 scale mail (worn)
 c - a +0 kite shield (worn)
Potions
 d - a potion of might


   Skills:
 + Level 3.3 Fighting
 * Level 1.8 Axes
 + Level 3.3 Armour
 + Level 3.3 Shields


You couldn't memorise any spells.
You didn't know any spells.
Your spell library was empty.

Dungeon Overview and Level Annotations

Branches:
Dungeon (1/15)

Altars:


Innate Abilities, Weirdness & Mutations

You are immune to sickness and miasma.
Your stone body is resilient. (AC +2)
You are immune to poison.
You resist negative energy. (rN+)
You are resistant to electric shocks. (rElec)
You are resistant to unholy torment.
You are immune to petrification.


Message History

You closely miss the goblin.
Your shield prevents you from hitting the hobgoblin.
The goblin hits you but does no damage. The hobgoblin barely misses you.
The goblin hits you with a +0 dagger. You block the hobgoblin's attack.
You closely miss the goblin. You barely miss the hobgoblin.
You block the goblin's attack. The hobgoblin closely misses you.
The goblin hits you with a +0 dagger. The hobgoblin hits you.
Your scale mail prevents you from hitting the goblin.
You barely miss the hobgoblin. The goblin hits you but does no damage.
You block the hobgoblin's attack.
You barely miss the goblin. You hit the hobgoblin.
The goblin hits you but does no damage. The hobgoblin hits you.
The goblin closely misses you.
The hobgoblin hits you but does no damage.
You barely miss the hobgoblin.
The hobgoblin is almost dead.
You closely miss the goblin. The goblin closely misses you.
The hobgoblin hits you. You block the goblin's attack.
The hobgoblin closely misses you.
You are too injured to fight recklessly!
You are too injured to fight recklessly!
Unknown command.
You are too injured to fight recklessly!
You are too injured to fight recklessly!
You hit the goblin.
The goblin is heavily wounded.
You slash the hobgoblin!
You kill the hobgoblin!
The goblin hits you but does no damage. You block the endoplasm's attack.
Unknown command.
You hit the goblin.
The goblin is severely wounded.
You hit the endoplasm. You block the goblin's attack.
You block the endoplasm's attack. You block the goblin's attack.
You miss the goblin.
The goblin is severely wounded.
You hit the endoplasm. The endoplasm freezes you.
You are frozen.
You die...

##.....#.#.#.#.##
####.#.#.#.#.#.#
#>##.#.#.#.##
#.##.#######
#....# . #.####
... #.#
.....#####.#
......g@...#
......J.....#
.#.##...........
####..#...##
##.##### #.. ##..
##.


You could see an endoplasm and a goblin.

Vanquished Creatures
  A hobgoblin (D:1)
1 creature vanquished.

Notes
Turn   | Place    | Note
-------+----------+-------------------------------------------
     0 | D:1      | jien the Gargoyle Fighter began the quest for the Orb.
     0 | D:1      | Reached XP level 1. HP: 14/14 MP: 1/1
    36 | D:1      | Frozen to death by an endoplasm

Illustrated notes

Levels and vault maps discovered:
D:1:      ncdulo_watergridlock, layout_rooms, serial_shops, shop

Action                   || total
-------------------------++-------
Melee: War axe           ||    11
Armor: Scale mail        ||     6
Dodge: Dodged            ||     8
Block: Kite shield       ||    10

Table legend: (Time is in decaauts)
 A = Elapsed time spent in this place.
 B = Non-inter-level travel time spent in this place.
 C = Inter-level travel time spent in this place.
 D = Time resting spent in this place.
 E = Time spent auto-exploring this place.
 F = Levels seen in this place.
 G = Mean time per level.
                   A        B        C        D        E       F      G
               +--------+--------+--------+--------+--------+-----+--------+
         Total |     43 |     43 |      0 |      0 |     23 |   1 |   43.0 |
       Dungeon |     43 |     43 |      0 |      0 |     23 |   1 |   43.0 |
               +--------+--------+--------+--------+--------+-----+--------+

Top non-repeatable levels by time:
     D:1: 43 daAuts
